 Dungeon Crawl Stone Soup version 0.31-a0-700-gf13585253f (webtiles) character file.

Game seed: 3506709372953969500

46 qw the Shooter (level 3, -2/22 HPs)
             Began as a Gargoyle Hunter on Sept 7, 2023.
             Slain by a gnoll
             ... wielding a +0 club
              (6 damage)
             ... on level 2 of the Dungeon.
             The game lasted 00:00:23 (1154 turns).

qw the Shooter (Gargoyle Hunter)                    Turns: 1154, Time: 00:00:24

Health: -2/22      AC:  8    Str: 14    XL:     3   Next: 66%
Magic:  3/3        EV: 10    Int:  9    God:
Gold:   48         SH:  0    Dex: 15    Spells: 2/2 levels left

rFire   . . .        a - +0 shortbow
rCold   . . .        (shield currently unavailable)
rNeg    + . .        g - +0 ring mail
rPois   inf          (no helmet)
rElec   +            (no cloak)
rCorr   .            (no gloves)
SInv    .            (no boots)
Will    +....        d - amulet of regeneration
Stlth   +            f - ring of willpower
HPRegen 1.03/turn    (no ring)
MPRegen 0.08/turn

%: no passive effects
@: no status effects
A: sickness immunity, AC +3, negative energy resistance 1, electricity
resistance, torment resistance 1, petrification resistance
a: no special abilities


You were on level 2 of the Dungeon.
You visited 1 branch of the dungeon, and saw 2 of its levels.

You collected 48 gold pieces.


Innate Abilities, Weirdness & Mutations

You are immune to sickness and miasma.
Your stone body is resilient. (AC +3)
You are immune to poison.
You resist negative energy. (rN+)
You are resistant to electric shocks. (rElec)
You are resistant to unholy torment.
You are immune to petrification.


   Skills:
 + Level 2.4 Fighting
 - Level 5.0 Ranged Weapons
 - Level 1.1 Armour
 - Level 1.5 Dodging
 - Level 1.1 Stealth


You had 2 spell levels left.
You didn't know any spells.
Your spell library was empty.

Inventory:

Hand Weapons
 a - a +0 shortbow (weapon)
Armour
 g - a +0 ring mail (worn)
Jewellery
 d - an amulet of regeneration (around neck)
 f - a ring of willpower (left hand)
Scrolls
 c - a scroll of fear {unknown}
 h - a scroll of vulnerability {unknown}
 i - a scroll of teleportation {unknown}
 j - a scroll of immolation {unknown}
Potions
 b - a potion of mutation {unknown}
 e - a potion of might {unknown}

Dungeon Overview and Level Annotations

Branches:
Dungeon (2/15)

Altars:

Shops:
D:1 =


Message History

You shoot an arrow. The arrow completely misses the gnoll.
You hear a shout!
The gnoll completely misses you. The gnoll closely misses you.
You shoot an arrow. The arrow closely misses the gnoll.
The gnoll barely misses you. The gnoll hits you but does no damage.
You shoot an arrow.
The arrow hits the gnoll but does no damage.
A gnoll comes into view. It is wielding a +0 halberd.
The gnoll closely misses you. The gnoll hits you but does no damage.
Enter note:
Enter note:
Enter note:
1150 |||
Found retreat position at 0,-1 (floor) with 0 blocking monsters and 2 monsters attacking at destination at distance 1
Enter note:
Enter note:
Enter note:
1150 ||| Stepping ~*~*~tactically~*~*~ (retreating).
A gnoll comes into view. It is wielding a +0 halberd.
The gnoll attacks as it pursues you!
The gnoll hits you from afar with a +0 spear!
You shoot an arrow.
The arrow hits the gnoll but does no damage.
The gnoll hits you with a +0 club.
The gnoll hits you from afar with a +0 spear. x2
The gnoll hits you but does no damage. The gnoll misses you.
1152 |||
Found retreat position at 0,-1 (floor) with 0 blocking monsters and 2 monsters attacking at destination at distance 1
Enter note:
Enter note:
Enter note:
1152 ||| Stepping ~*~*~tactically~*~*~ (retreating).
You shoot an arrow. The arrow barely misses the gnoll.
The arrow closely misses the gnoll.
The arrow hits the gnoll.
The gnoll is lightly wounded.
The gnoll barely misses you. The gnoll misses you.
You shoot an arrow. The arrow completely misses the gnoll.
The arrow hits the gnoll.
The gnoll is lightly wounded.
The gnoll hits you from afar with a +0 spear.
The gnoll hits you with a +0 club.
You die...

# ##############
#####............########
#.................>.....#########
#.###.##.......^.......<%........
...##.##.####.##.##.#.#.........#
............#.##.##.#.#######.#.#
.........##.#.##@##.#.# #####.#.#
....#.##.##.#.##g##.#.# #........
###.#.##.##.#.##g##.#.# #........
#.#..........gg##.#.# #.##.....
#.####.##...........###.##....)
#.# #...............##.##.....
###.# #.####.#####.#..##.###..<.
..#.# #.# #.#####.#..##.###....
#.#.# ........#...<........


You could see 4 gnolls.

Vanquished Creatures
  An adder (D:2)
  4 bats (D:1)
  3 endoplasms (D:1)
  2 giant cockroaches (D:1)
  3 goblins (D:1)
  A hobgoblin (D:1)
  6 jackals
  A quokka (D:1)
  2 ball pythons (D:1)
  3 frilled lizards
  3 kobolds
  3 rats (D:1)
32 creatures vanquished.

Notes
Turn   | Place    | Note
-------+----------+-------------------------------------------
     0 | D:1      | qw the Gargoyle Hunter began the quest for the Orb.
     0 | D:1      | Reached XP level 1. HP: 12/12 MP: 1/1
     0 | D:1      | 0 ||| qw: Version: 0.3-a-76-g4403597
     0 | D:1      | 0 ||| qw: Game counter: 687
     0 | D:1      | 0 ||| qw: Melee chars always use a shield: true
     0 | D:1      | 0 ||| qw: God list: Okawaru
     0 | D:1      | 0 ||| qw: Allow faded altars: false
     0 | D:1      | 0 ||| qw: Do Orc after clearing Dungeon:15 true
     0 | D:1      | 0 ||| qw: Do second Lair branch before Depths: true
     0 | D:1      | 0 ||| qw: Lair rune preference: random
     0 | D:1      | 0 ||| qw: Goals: Normal
     0 | D:1      | 0 ||| PLANNING D:1-11
   127 | D:1      | Reached XP level 2. HP: 15/17 MP: 2/2
   251 | D:1      | Found Fuadud's One-of-a-Kind Rings.
   258 | D:1      | 258 ||| SHOPLISTING +2 ring of protection (110 gold, have
                  | 0).
   258 | D:1      | 258 ||| SHOPLISTING +9 ring of dexterity (858 gold, have
                  | 0).
   258 | D:1      | 258 ||| SHOPLISTING ring "Ennut" {Fire Fly rElec Stlth+}
                  | (482 gold, have 0).
   258 | D:1      | 258 ||| SHOPLISTING ring of Fuxa {rElec rF+ rC+ rN+ Str+3}
                  | (621 gold, have 0).
   381 | D:1      | Reached XP level 3. HP: 21/21 MP: 3/3
   477 | D:1      | Reached skill level 5 in Ranged Weapons
   701 | D:1      | 701 ||| UPGRADING to +0 ring mail.
   711 | D:1      | 711 ||| DROPPING +0 leather armour.
   712 | D:1      | 712 ||| UPGRADING to amulet of regeneration.
   717 | D:1      | 717 ||| UPGRADING to ring of willpower.
   718 | D:1      | 718 ||| DROPPING scroll of butterflies.
   943 | D:2      | Reached skill level 1 in Armour
  1150 | D:2      | 1150 ||| Stepping ~*~*~tactically~*~*~ (retreating).
  1151 | D:2      | HP: 2/22 [gnoll/+0 spear (5)]
  1152 | D:2      | 1152 ||| Stepping ~*~*~tactically~*~*~ (retreating).
  1154 | D:2      | Slain by a gnoll

Levels and vault maps discovered:
D:1:      scummos_arrival_simple_fountains, layout_loops_ring,
          nicolae_shop_unique_rings, amcnicky_mini_rare_corridor_liquid,
          chequers_serial_rivers_micro_e, corner_web_ring, minmay_crystal_room
D:2:      layout_loops_ring, shapermc_ecumenical_altar_mp_urbaneastern,
          nicolae_grassy_gnolls

Skill      XL: |  1  2  3 |
---------------+----------+-----
Ranged Weapons | 5 |  5.0
Armour         | 1 |  1.1
Fighting       | |  2.4
Dodging        | |  1.5
Stealth        | |  1.1

Action                     || total
---------------------------++-------
   Fire: Shortbow          ||    94
 Armour: Leather armour    ||    16
         Ring mail         ||    12
  Dodge: Dodged            ||    29

Table legend:
 A = Non-vault XP
 B = Vault XP
 C = Vault XP percentage of total XP
 D = Non-vault monster count
 E = Vault monster count
 F = Vault count percentage of total count
                 A         B        C        D         E       F
            +---------+---------+-------+---------+---------+-------
      Total |      66 |       0 |   0.0 |      32 |       0 |   0.0
            +---------+---------+-------+---------+---------+-------
        D:1 |      43 |       0 |   0.0 |      26 |       0 |   0.0
        D:2 |      23 |       0 |   0.0 |       6 |       0 |   0.0
            +---------+---------+-------+---------+---------+-------
